AoeStats
← ANVIL IV

Arabia

508927234Analyzed
2v2 RM · 7d ago on Sep 24, 2026· 37m 15s· 4 players
Game mode
Random Map
Map size
Medium (4 player)
Population
200
Speed
Normal
Resources
Standard
Victory
Conquest
Starting age
Dark Age
Ending age
Imperial Age
RankedLock teamsTeams togetherTeam positionsShared explorationLock speedFull tech treeHidden civsTurbo modeCheats
Victory
Defeat
🇧🇪 Turks · Belgium
989
+16
🇧🇪 Mongols · Belgium
969
+17
🇨🇱 Goths · Chile
1038
-19
🇺🇸 Maya · United States
937
-14
Fonke
5:10 Loom
12:12 Feudal Age
18:35 Castle Age
25:27 Imperial Age
36:09 Gold Mining
asauw
6:46 Loom
10:22 Feudal Age
14:30 Double-Bit Axe
19:18 Castle Age
18:38 Bloodlines
20:18 Gold Mining
22:43 Scale Barding Armor
22:30 Fletching
22:51 Forging
24:21 Husbandry
28:38 Chain Barding Armor
34:00 Bow Saw
34:31 Iron Casting
33:58 Padded Archer Armor
ANVIL IV
2:28 Loom
10:48 Feudal Age
13:14 Double-Bit Axe
15:00 Horse Collar
15:12 Gold Mining
21:39 Castle Age
21:53 Wheelbarrow
22:09 Padded Archer Armor
21:47 Crossbowman
22:32 Thumb Ring
23:12 Stone Mining
24:16 Leather Archer Armor
25:05 Bow Saw
27:31 Hand Cart
27:06 Town Watch
Septem-Aeon
0:35 Loom
10:57 Feudal Age
16:12 Castle Age
16:22 Double-Bit Axe
16:36 Stone Mining
18:32 Stone Shaft Mining
22:23 Horse Collar
23:22 Wheelbarrow
23:15 Fletching
24:46 Heavy Plow
27:08 Forging
28:13 Gold Mining
29:55 Bow Saw
30:53 Man-at-Arms
31:36 Scale Mail Armor
31:45 Pikeman
32:28 Squires
31:51 Long Swordsman
33:08 Iron Casting
33:21 Chain Mail Armor
33:41 Anarchy
34:20 Bodkin Arrow
Connection lost

Rejoining the realm…

Still unreachable

The connection could not be restored.

Session expired

The server has moved on; the page needs a fresh start.